 Dungeon Crawl Stone Soup version 0.23-a0-419-g0174fd8 (console) character file.

339 bli the Insei (level 6, -2/39 HPs)
             Began as an Octopode Transmuter on Nov 10, 2018.
             Slain by a phantom (8 damage)
             ... on level 4 of the Dungeon on Nov 11, 2018.
             The game lasted 00:17:20 (4034 turns).

bli the Insei (Octopode Transmuter)                 Turns: 4034, Time: 00:17:20

Health: -2/39      AC:  1    Str: 10    XL:     6   Next: 55%
Magic:  10/10      EV: 15    Int: 15    God:
Gold:   212        SH:  0    Dex: 14    Spells: 5/11 levels left

rFire    . . .     SeeInvis .     - Unarmed
rCold    . . .     Gourm    .   (no shield)
rNeg     . . .     Faith    .   (helmet restricted)
rPois    +         Spirit   .   q - amulet of rage
rElec    .         Reflect  .   i - ring of poison resistance
rCorr    .         Harm     .   v - ring of wizardry
MR       .....                  (no ring)
Stlth    ++........             (no ring)
HPRegen  0.13/turn              (no ring)
MPRegen  0.12/turn              (no ring)
                                (no ring)
                                (no ring)

@: berserk cooldown, slowed, very slow
A: almost no armour, stealthy swim, amphibious, 8 rings, constrict 8, camouflage
1, gelatinous body 1
a: Evoke Berserk Rage


You were on level 4 of the Dungeon.
You were hungry.

You visited 1 branch of the dungeon, and saw 5 of its levels.

You collected 212 gold pieces.

Inventory:

Hand Weapons
 p - a +1 spear of pain
 w - a +0 short sword of holy wrath
 z - a +0 shortbow
Missiles
 a - 50 arrows
 b - 135 stones (quivered)
 u - 4 poisoned tomahawks
 B - 15 poisoned needles
Armour
 n - a cursed +0 buckler
Jewellery
 e - an uncursed amulet of guardian spirit
 i - a ring of poison resistance (left tentacle)
 q - an amulet of rage (around mantle)
 v - a ring of wizardry (right tentacle)
Scrolls
 d - a scroll of fear {unknown}
 k - a scroll of remove curse {unknown}
 m - a scroll of immolation {unknown}
 r - 3 scrolls of teleportation {unknown}
 s - a scroll of enchant weapon {unknown}
 x - a scroll of enchant armour {unknown}
 y - 2 scrolls of magic mapping {unknown}
Potions
 f - a potion of lignification {unknown}
 g - a potion of haste
 h - a potion of heal wounds {unknown}
 j - a potion of might {unknown}
 l - a potion of cancellation {unknown}
 o - a potion of brilliance {unknown}
 t - a potion of mutation {unknown}
 A - a potion of agility {unknown}
Comestibles
 c - 8 rations


   Skills:
 + Level 2.0 Fighting
 - Level 4.0 Dodging
 + Level 5.3 Unarmed Combat
 + Level 3.0 Spellcasting
 - Level 2.0 Transmutations
 + Level 0.1 Evocations


You had 5 spell levels left.
You knew the following spells:

 Your Spells              Type           Power        Failure   Level  Hunger
a - Beastly Appendage     Tmut           #.....       3%          1    #......
b - Sticks to Snakes      Tmut           #.......     5%          2    ##.....
s - Spider Form           Tmut/Pois      #.........   16%         3    ###....

Your spell library contained the following spells:

 Spells                   Type           Power        Failure   Level  Hunger
 Ice Form                 Ice/Tmut       #.......     45%         4    #####..
 Blade Hands              Tmut           #.........   65%         5    ######.


Dungeon Overview and Level Annotations

Branches:
Dungeon (5/15)
 Temple: D:4-7

Altars:
Fedhas
Trog

Annotations:
D:5 Grinder


Innate Abilities, Weirdness & Mutations

You cannot wear most types of armour.
You are very stealthy in the water. (Stealth+)
You are amphibious.
You can wear up to eight rings at the same time.
You can use your tentacles to constrict eight enemies at once.
Your skin changes colour to match your surroundings (Stealth+).
Your rubbery body absorbs attacks. (AC +1, EV +1)


Message History

The phantom hits you!
You miss the phantom.
You pierce the phantom.
You squeeze the phantom, but do no damage.
The phantom is severely damaged.
The phantom blinks!
Your tentacle spike disappears.
Found 10 stones.
The phantom blinks!
You see here 2 stones.
The phantom hits you!
* * * LOW HITPOINT WARNING * * *
The phantom blinks!
The phantom hits you.
* * * LOW HITPOINT WARNING * * *
You miss the phantom.
The phantom is severely damaged.
The phantom barely misses you.
You tentacle-slap the phantom.
The phantom is severely damaged.
The phantom hits you!
You die...

##...#####..........###.#..##..
#....#.#<..#.................###.
####.#...#.#.............##..###.
#...#.# #.#.##+####.......##..
.......#.#(#.#.# ......##.##.#
.......#.#.#.#.#######....##.....
.................................
.........#...#....#####.##.#....#
......#.......(.........##.#..###
......#....####....#######.......
#.... +.@............#.## #.[.
#W...........###.# #...
#.....####....##.# #..
#.....###...(....## #..
####..<รท.....##....
#+#.##.#.(...###
......$..#....######
.........###........
...............#####
....####..###..# .... #.......#


You could see a phantom.

Vanquished Creatures
  A phantom (D:4)
  An orc wizard (D:3)
  A worker ant (D:4)
  3 gnolls (D:4)
  6 adders
  2 worms
  2 dart slugs (D:1)
  4 leopard geckos
  8 orcs
  4 ball pythons
  6 bats
  9 giant cockroaches
  9 goblins
  6 hobgoblins
  8 jackals
  2 quokkas
  6 frilled lizards
  8 kobolds
  A leopard gecko skeleton (D:4)
  11 rats
98 creatures vanquished.

Notes
Turn   | Place    | Note
-------+----------+-------------------------------------------
     0 | D:1      | bli the Octopode Transmuter began the quest for the Orb.
     0 | D:1      | Reached XP level 1. HP: 13/13 MP: 3/3
    71 | D:1      | Reached XP level 2. HP: 10/18 MP: 0/5
   526 | D:1      | Reached XP level 3. HP: 23/23 MP: 4/6
   641 | D:1      | Reached skill level 4 in Unarmed Combat
  1236 | D:2      | Reached XP level 4. HP: 26/28 MP: 5/7
  1337 | D:2      | Learned a level 2 spell: Sticks to Snakes
  1911 | D:3      | Reached XP level 5. HP: 10/33 MP: 3/8
  2320 | D:3      | Found a bloodstained altar of Trog.
  2585 | D:3      | Found a blossoming altar of Fedhas.
  2599 | D:3      | You fall through a shaft for 2 floors!
  2599 | D:5      | Entered Level 5 of the Dungeon
  2623 | D:5      | Noticed Grinder
  2927 | D:4      | Noticed a phantom
  2943 | D:4      | Reached XP level 6. HP: 31/39 MP: 6/10
  3161 | D:3      | Upgraded the game from 0.23-a0-417-gf02c810 to
                  | 0.23-a0-419-g0174fd8
  3169 | D:3      | Learned a level 3 spell: Spider Form
  3482 | D:4      | Killed a phantom
  3482 | D:4      | Reached skill level 5 in Unarmed Combat
  3720 | D:4      | Noticed a phantom
  4034 | D:4      | Slain by a phantom

Vault maps used:
D:1:      lightli_arrival_chessboard, chequers_serial_rivers_marsh
D:2:      first_ration, nrook_mini_backslash
D:3:      lemuel_round_altar, lightli_temple_of_fire, serial_bayou,
          serial_bayou_lake_a, serial_bayou_lagoon_a, serial_bayou_pond_d,
          serial_bayou_pond_a, kennysheep_another_room
D:5:      nicolae_qazlal_style_of_elements, ebering_ghost_disaster_area,
          uniq_edmund, uniq_grinder, uniq_duvessa, uniq_pikel

Skill      XL: |  1  2  3  4  5  6 |
---------------+-------------------+-----
Unarmed Combat | 4 5 |  5.3
Dodging        | 3 4 |  4.0
Fighting       | 2 |  2.0
Spellcasting   | 3 |  3.0
Transmutations | |  2.0
Evocations     | |  0.1

Action                   |  1- 3 |  4- 6 || total
-------------------------+-------+-------++-------
Melee: Unarmed           |    76 |   183 ||   259
       Constrict         |    22 |    42 ||    64
       Kick              |    10 |    35 ||    45
       Tentacles         |     2 |    30 ||    32
       Punch             |     1 |     6 ||     7
Throw: Stone             |       |     8 ||     8
 Cast: Beastly Appendage |    11 |    25 ||    36
 Abil: Evoke Berserk Rag |       |     2 ||     2
 Stab: Sleeping          |     4 |     6 ||    10
  Eat: Chunk             |     1 |     7 ||     8
       Ration            |       |     1 ||     1
Armor: Skin              |     5 |     8 ||    13
Dodge: Dodged            |    38 |   115 ||   153

Table legend:
 A = Non-vault XP
 B = Vault XP
 C = Vault XP percentage of total XP
 D = Non-vault monster count
 E = Vault monster count
 F = Vault count percentage of total count
                 A         B        C        D         E       F
            +---------+---------+-------+---------+---------+-------
      Total |     485 |       0 |   0.0 |      98 |       0 |   0.0
            +---------+---------+-------+---------+---------+-------
        D:1 |      64 |       0 |   0.0 |      30 |       0 |   0.0
        D:2 |      59 |       0 |   0.0 |      25 |       0 |   0.0
        D:3 |     116 |       0 |   0.0 |      29 |       0 |   0.0
        D:4 |     228 |       0 |   0.0 |      11 |       0 |   0.0
        D:5 |      18 |       0 |   0.0 |       3 |       0 |   0.0
            +---------+---------+-------+---------+---------+-------
